 Dungeon Crawl Stone Soup version 0.31-a0-986-g5e6e4ef867 (webtiles) character file.

Game seed: 11938817496970693384

1124 flord the Cleaver (level 8, -2/59 HPs)
             Began as a Minotaur Fighter on Nov 9, 2023.
             Slain by a killer bee (8 damage)
             ... on level 5 of the Dungeon.
             The game lasted 00:25:50 (5517 turns).

flord the Cleaver (Minotaur Fighter)                Turns: 5517, Time: 00:25:52

Health: -2/59      AC: 11    Str: 21    XL:     8   Next: 13%
Magic:  7/7        EV:  7    Int:  5    God:
Gold:   181        SH:  0    Dex: 10    Spells: 7/7 levels left

rFire   . . .        a - +1 war axe
rCold   . . .        c - +1 buckler
rNeg    . . .        r - +0 plate armour
rPois   .            (helmet restricted)
rElec   .            (no cloak)
rCorr   .            (no gloves)
SInv    +            (no boots)
Will    .....        (no amulet) Stlth
                     g - ring of flight
HPRegen 0.29/turn    j - ring of see invisible
MPRegen 0.10/turn

%: no passive effects
@: confused, mighty, lethally poisoned (-2 -> -8), ambrosia-drunk, flying
A: horns 2, retaliatory headbutt, frail 1, teleportitis 1, weak 1, sturdy frame
1
a: no special abilities


You were on level 5 of the Dungeon.
You visited 1 branch of the dungeon, and saw 6 of its levels.

You collected 181 gold pieces.

Inventory:

Hand Weapons
 a - a +1 war axe (weapon)
 t - the +8 dagger of Bipeydy {pain, Will++ Str-2 Dex+3}
   (You found it on level 2 of the Dungeon)

   Str-2:     It affects your strength (-2).
   Dex+3:     It affects your dexterity (+3).
   Will++:    It greatly increases your willpower.
Missiles
 q - 5 boomerangs (quivered)
Armour
 b - a +0 scale mail
 c - a +1 buckler (worn)
 l - an orb of guile
 r - a +0 plate armour (worn)
Jewellery
 g - a ring of flight (left hand)
 j - a ring of see invisible (right hand)
 k - a ring of fire
 m - a ring of ice
 o - a ring of poison resistance
Wands
 f - a wand of charming (4)
Scrolls
 e - 3 scrolls of identify
 i - 4 scrolls of poison
Potions
 d - a potion of might
 n - 2 potions of lignification
 p - 2 potions of attraction
 s - a potion of haste {unknown}


   Skills:
 - Level 3.6 Fighting
 - Level 11.4 Axes
 * Level 4.3 Armour
 - Level 3.6 Shields


You had 7 spell levels left.
You didn't know any spells.
Your spell library contained the following spells:

 Spells                   Type           Power      Damage    Failure   Level
 Ensorcelled Hibernation  Hex/Ice        0%         N/A       100%        2
 Lesser Beckoning         Tloc           0%         N/A       100%        2
 Passwall                 Tmut/Erth      0%         N/A       100%        2
 Gell's Gravitas          Tloc           0%         N/A       100%        3
 Swiftness                Air            0%         N/A       100%        3
 Teleport Other           Tloc           0%         N/A       100%        3
 Animate Armour           Summ/Erth      0%         N/A       100%        4
 Summon Lightning Spire   Summ/Air       0%         N/A       100%        4
 Lee's Rapid Deconstruct  Erth           0%         3d4*      100%        5


Dungeon Overview and Level Annotations

Branches:
Dungeon (6/15)
 Temple: D:4-7

Altars:
Ru

Shops:
D:1 =   D:4 [   D:6 *

Annotations:
D:3 2 transporters, Arex's ghost, amateur OpFi
D:6 Eustachio


Innate Abilities, Weirdness & Mutations

You have a pair of horns on your head.
You reflexively headbutt those who attack you in melee.
You are frail. (-10% HP)
You are occasionally teleported next to monsters.
You are weak. (Str -2)
Your movements are slightly less encumbered by armour. (ER -2)


Message History

* * * LOW HITPOINT WARNING * * *
You are confused.
You feel invigorated.
* * * LOW HITPOINT WARNING * * *
You feel sick.
The killer bee stings you but does no damage.
The killer bee barely misses you.
The killer bee stings you but does no damage.
The killer bee stings you.
* * * LOW HITPOINT WARNING * * *
You are too confused!
You miss the killer bee. Your headbutt misses the killer bee.
The killer bee is moderately wounded.
You barely miss the killer bee.
You feel sick.
The killer bee stings you but does no damage.
The killer bee barely misses you.
The killer bee stings you but does no damage.
The killer bee barely misses you.
You barely miss the killer bee.
The killer bee is moderately wounded.
You barely miss the killer bee.
You feel sick.
The killer bee stings you but does no damage. x2
The killer bee barely misses you. x2
You barely miss the killer bee.
The killer bee is moderately wounded.
You slash the killer bee!
You feel sick.
The killer bee stings you but does no damage.
The killer bee stings you!
* * * LOW HITPOINT WARNING * * *
You are lethally poisoned!
The killer bee poisons you!
The killer bee stings you but does no damage.
You closely miss the killer bee.
The killer bee is moderately wounded.
You closely miss the killer bee.
You feel sick.
The killer bee stings you but does no damage. x2
The killer bee closely misses you. The killer bee stings you.
* * * LOW HITPOINT WARNING * * *
The killer bee stings you!
You die...

######## #......###
#........# ########
#......#.#
####......###....y.#.#
................@###.#
####.#.##.######y###.########
#....#.#.<..#.#..........#
####....#.#..#.#.#.#.######.#
........#.#..#.#.#.#.# #.#
.####...#.#..#.#.#.#.# #.#
..# #...#.#..#.#.#.#.# #.#
..# #...#.#..#.#.#.#.# #.#
..# #...#.####†#.#.#.# #.#


You could see 2 killer bees.

Vanquished Creatures
  3 black bears
  An ogre (D:5)
  2 scorpions (D:5)
  2 killer bees (D:6)
  3 hounds (D:4)
  2 jellies
  An orc priest (D:5)
  2 sleepcaps (D:4)
  6 iguanas
  3 gnolls
  4 adders
  A white imp (D:6)
  5 worms
  4 dart slugs
  15 orcs
  7 ball pythons
  6 endoplasms
  2 giant cockroaches
  10 goblins
  2 hobgoblins (D:4)
  4 quokkas
  5 bats
  10 kobolds
  7 rats
107 creatures vanquished.

Notes
Turn   | Place    | Note
-------+----------+-------------------------------------------
     0 | D:1      | flord the Minotaur Fighter began the quest for the Orb.
     0 | D:1      | Reached XP level 1. HP: 19/19 MP: 0/0
    92 | D:1      | Reached skill level 3 in Axes
   129 | D:1      | Reached XP level 2. HP: 27/27 MP: 1/1
   566 | D:1      | Reached skill level 4 in Axes
   672 | D:1      | Found Ziqai's Jewellery Boutique.
  1030 | D:2      | Reached XP level 3. HP: 33/33 MP: 2/2
  1242 | D:1      | Reached skill level 5 in Axes
  1343 | D:1      | Reached XP level 4. HP: 15/40 MP: 3/3
  1889 | D:2      | Identified the +8 dagger of Bipeydy {pain, Will++ Str-2
                  | Dex+3}
  2204 | D:2      | Gained mutation: You are occasionally teleported next to
                  | monsters. [potion of mutation]
  2204 | D:2      | Gained mutation: You are frail. (-10% HP) [potion of
                  | mutation]
  2204 | D:2      | Gained mutation: You are weak. (Str -2) [potion of
                  | mutation]
  2204 | D:2      | Gained mutation: Your movements are slightly less
                  | encumbered by armour. (ER -2) [potion of mutation]
  2271 | D:3      | Found a transporter.
  2446 | D:3      | Reached skill level 6 in Axes
  2451 | D:3      | Found a sacrificial altar of Ru.
  2539 | D:3      | Found a transporter.
  2542 | D:3      | Noticed Arex's ghost (amateur OpFi)
  2550 | D:3      | Noticed an orc warrior
  2587 | D:2      | Reached XP level 5. HP: 12/41 MP: 4/4
  3282 | D:4      | Found Kocvyucy's Antique Armour Shop.
  3315 | D:4      | Reached skill level 7 in Axes
  3399 | D:4      | Reached XP level 6. HP: 46/46 MP: 5/5
  3776 | D:4      | Reached skill level 8 in Axes
  4031 | D:5      | Entered Level 5 of the Dungeon
  4107 | D:5      | Reached skill level 9 in Axes
  4177 | D:5      | Reached XP level 7. HP: 30/52 MP: 6/6
  4663 | D:5      | Reached skill level 10 in Axes
  4830 | D:5      | Reached skill level 11 in Axes
  4939 | D:5      | Reached XP level 8. HP: 59/59 MP: 7/7
  5075 | D:5      | HP: 2/59 [poisoned by a killer bee]
  5312 | D:6      | Noticed Eustachio
  5441 | D:6      | Found Nioluomne's General Store.
  5517 | D:5      | Slain by a killer bee

Illustrated notes

Levels and vault maps discovered:
D:1:      amcnicky_arrival_feature_with_door, layout_basic, serial_shops,
          nicolae_shop_pleasant_corner_grove, chequers_serial_rivers_large_a
D:2:      layout_basic, corexii_leaking_fountain, minmay_crystal_water,
          hangedman_decor_peaks_small, minmay_misc_feat_x
D:3:      layout_basic, nicolae_ru_awakened_eye, gammafunk_ghost_mausoleum
D:4:      black_bear_nest_1, layout_basic, serial_shops, shop, st_stairs_5
D:5:      layout_basic, serial_curves, eino_curves_03, eino_curves_04,
          nrook_campfire, item_on_display_a
D:6:      layout_basic, serial_shops, nicolae_shop_trees,
          corexii_item_surrounded_by_moat, minmay_mini_ossuary, uniq_eustachio

Skill      XL: |  1  2  3  4  5  6  7  8 |
---------------+-------------------------+-----
Axes           | 3 4 5 6 7 9 11 | 11.4
Armour         | 4 |  4.3
Fighting       | |  3.6
Shields        | |  3.6

Action                     |  1- 3 |  4- 6 |  7- 9 || total
---------------------------+-------+-------+-------++-------
  Melee: War axe           |    61 |   130 |    71 ||   262
         Headbutt          |     5 |    21 |    14 ||    40
  Throw: Boomerang         |       |       |     3 ||     3
    Use: Scroll            |       |    12 |     1 ||    13
         Potion            |       |     6 |     4 ||    10
 Armour: Scale mail        |    44 |    92 |    38 ||   174
         Plate armour      |       |       |    44 ||    44
  Dodge: Dodged            |    32 |    59 |    59 ||   150
  Block: Buckler           |    26 |    28 |    28 ||    82

Table legend: (Time is in decaauts)
 A = Elapsed time spent in this place.
 B = Non-inter-level travel time spent in this place.
 C = Inter-level travel time spent in this place.
 D = Time resting spent in this place.
 E = Time spent auto-exploring this place.
 F = Levels seen in this place.
 G = Mean time per level.
                   A        B        C        D        E       F      G
               +--------+--------+--------+--------+--------+-----+--------+
         Total |   5580 |   5255 |    325 |   1014 |   3057 |   6 |  930.0 |
       Dungeon |   5580 |   5255 |    325 |   1014 |   3057 |   6 |  930.0 |
               +--------+--------+--------+--------+--------+-----+--------+

Top non-repeatable levels by time:
     D:2: 1366 daAuts
     D:5: 1331 daAuts
     D:1: 1247 daAuts
     D:4: 845 daAuts
     D:3: 630 daAuts
     D:6: 159 daAuts
